 Dungeon Crawl Stone Soup version 0.31-a0-222-gefeffbb62a (webtiles) character file.

Game seed: 3842109160934659846

417 qw the Shooter (level 6, -1/52 HPs)
             Began as a Minotaur Hexslinger on July 4, 2023.
             Killed from afar by an orc wizard (4 damage)
             ... with a magic dart
             ... on level 3 of the Dungeon.
             The game lasted 00:00:44 (1720 turns).

qw the Shooter (Minotaur Hexslinger)                Turns: 1720, Time: 00:00:44

Health: -1/52      AC:  5    Str: 11 (12) XL:     6   Next: 61%
Magic:  6/6        EV: 12    Int:  7 (10) God:
Gold:   59         SH:  0    Dex: 12 (15) Spells: 6/7 levels left

rFire   + . .        Y - +3 sling
rCold   + . .        (no shield)
rNeg    . . .        e - +2 robe {rC+ rF+}
rPois   .            (helmet restricted)
rElec   .            (no cloak)
rCorr   .            g - +0 pair of gloves
SInv    .            (no boots)
Will    .....        (no amulet)
Stlth   +            (no ring)
HPRegen 0.28/turn    (no ring)
MPRegen 0.10/turn

%: no passive effects
@: no status effects
A: horns 2, retaliatory headbutt
a: no special abilities


You were on level 3 of the Dungeon.
You visited 1 branch of the dungeon, and saw 4 of its levels.

You collected 59 gold pieces.


Innate Abilities, Weirdness & Mutations

You have a pair of horns on your head.
You reflexively headbutt those who attack you in melee.


   Skills:
 - Level 4.1 Fighting
 + Level 6.9 Ranged Weapons
 - Level 2.1 Dodging
 - Level 1.0 Spellcasting
 - Level 2.0 Hexes


You had 6 spell levels left.
You knew the following spells:

 Your Spells              Type           Power      Damage    Failure   Level
a - Slow                  Hex            12%        N/A       19%         1

Your spell library contained the following spells:

 Spells                   Type           Power      Damage    Failure   Level
 Inner Flame              Hex/Fire       1%         N/A       63%         3
 Portal Projectile        Hex/Tloc       2%         N/A       63%         3
 Cause Fear               Hex            1%         N/A       88%         4

Inventory:

Hand Weapons
 Y - a +3 sling (weapon)
Armour
 e - a +2 robe of resistance (worn)
 g - a +0 pair of gloves (worn)
Potions
 a - a potion of might {unknown}
 f - a potion of cancellation
 h - a potion of heal wounds {unknown}

Dungeon Overview and Level Annotations

Branches:
Dungeon (4/15)
 Temple: D:4-7

Altars:
Zin


Message History

A magic dart appears from out of thin air!
The magic dart hits you.
You shoot a sling bullet. The sling bullet hits the orc priest.
You kill the orc priest!
The goblin closely misses you. You furiously retaliate!
You headbutt the goblin.
You kill the goblin!
Something hits you.
You shoot a sling bullet. The sling bullet hits the orc!
You kill the orc!
The orc wizard casts a spell at you. The puff of flame hits you. You resist.
Something hits you but does no damage.
A goblin comes into view. It is wielding a +0 dagger.
You shoot a sling bullet. The sling bullet hits the orc wizard.
The orc wizard is moderately wounded.
Something hits you but does no damage.
You shoot a sling bullet. The sling bullet hits the orc wizard.
The orc wizard is heavily wounded.
Something hits you but does no damage.
The orc wizard hits you with a +0 dagger.
You shoot a sling bullet. The sling bullet hits the orc wizard.
The orc wizard is severely wounded.
The orc wizard barely misses you.
You hear some strange, mumbled words.
A puff of flame appears from out of thin air!
The puff of flame misses you.
You shoot a sling bullet.
The sling bullet closely misses the orc wizard.
Something hits you but does no damage.
The orc wizard points at you and mumbles some strange words.
The puff of flame hits you. You resist.
You shoot a sling bullet. The sling bullet hits the orc wizard.
The orc wizard is almost dead.
The orc wizard hits you but does no damage.
Something hits you.
You shoot a sling bullet.
The sling bullet hits the orc wizard but does no damage.
The orc wizard is almost dead.
The orc wizard casts a spell at you. The magic dart hits you.
You die...

... #.#
... #.#
#.# #.#
#####{###
#...g@o.#
#....>#.#
#.#####.#
.. o# #
o# .# g#
..


You could see an orc wizard and a goblin.

Vanquished Creatures
  An ogre (D:4)
  3 scorpions (D:4)
  An orc priest (D:3)
  Jessica (D:2)
  3 gnolls (D:4)
  An adder (D:4)
  2 worms
  2 orcs (D:3)
  4 ball pythons
  7 endoplasms
  2 giant cockroaches
  10 goblins
  8 hobgoblins
  2 jackals (D:1)
  A quokka (D:1)
  5 bats
  4 frilled lizards
  4 kobolds (D:1)
  A rat (D:1)
62 creatures vanquished.

Notes
Turn   | Place    | Note
-------+----------+-------------------------------------------
     0 | D:1      | qw the Minotaur Hexslinger began the quest for the Orb.
     0 | D:1      | Reached XP level 1. HP: 16/16 MP: 1/1
     0 | D:1      | 0 ||| qw: Version: 0.3-a-46-gb1f654a
     0 | D:1      | 0 ||| qw: Game counter: 932
     0 | D:1      | 0 ||| qw: Melee chars always use a shield: true
     0 | D:1      | 0 ||| qw: God list: Okawaru
     0 | D:1      | 0 ||| qw: Allow faded altars: false
     0 | D:1      | 0 ||| qw: Do Orc after clearing Dungeon:15 true
     0 | D:1      | 0 ||| qw: Do second Lair branch before Depths: true
     0 | D:1      | 0 ||| qw: Lair rune preference: random
     0 | D:1      | 0 ||| qw: Goals: Normal
     0 | D:1      | 0 ||| PLANNING D:1-11
    37 | D:1      | 37 ||| FLEEEEING.
    60 | D:1      | Reached skill level 3 in Ranged Weapons
    60 | D:1      | Reached XP level 2. HP: 23/23 MP: 2/2
   476 | D:1      | Reached XP level 3. HP: 29/29 MP: 3/3
   589 | D:1      | 589 ||| READING scroll labelled ULUZAA TUNUF.
   590 | D:1      | 590 ||| READING 2 scrolls labelled FIAGYOSMUDIT.
   591 | D:1      | 591 ||| READING scroll of enchant weapon.
   591 | D:1      | 591 ||| ENCHANTING +2 sling.
   592 | D:1      | 592 ||| DROPPING scroll of poison.
   875 | D:2      | Reached skill level 4 in Ranged Weapons
   875 | D:2      | Noticed Jessica
   883 | D:2      | Killed Jessica
   884 | D:2      | Reached XP level 4. HP: 36/36 MP: 4/4
  1102 | D:2      | You fall into a shaft and drop 2 floors!
  1104 | D:4      | Noticed an ogre
  1111 | D:4      | HP: 3/36 [ogre/+0 giant club (33)]
  1112 | D:4      | Killed an ogre
  1113 | D:4      | Reached skill level 5 in Ranged Weapons
  1113 | D:4      | Reached XP level 5. HP: 4/41 MP: 5/5
  1228 | D:4      | Reached skill level 3 in Fighting
  1381 | D:4      | Reached skill level 6 in Ranged Weapons
  1381 | D:4      | Reached XP level 6. HP: 49/51 MP: 6/6
  1529 | D:4      | Found a glowing silver altar of Zin.
  1663 | D:4      | 1663 ||| UPGRADING to +2 robe of resistance.
  1673 | D:4      | 1673 ||| DROPPING +0 robe.
  1674 | D:4      | 1674 ||| UPGRADING to +0 pair of gloves.
  1679 | D:4      | 1679 ||| DRINKING 2 fuming black potions.
  1680 | D:4      | 1680 ||| DRINKING 2 bubbling blue potions.
  1681 | D:4      | 1681 ||| DRINKING 2 bubbling coppery potions.
  1682 | D:4      | 1682 ||| DROPPING potion of degeneration.
  1698 | D:3      | 1698 ||| DRINKING potion of curing.
  1698 | D:3      | 1698 ||| (to cure confusion)
  1699 | D:3      | 1699 ||| Stepping ~*~*~tactically~*~*~ (outnumbered).
  1712 | D:3      | HP: 11/52 [something/magic dart (6)]
  1716 | D:3      | HP: 5/52 [orc wizard/+0 dagger (2)]
  1719 | D:3      | HP: 2/52 [something (1)]
  1720 | D:3      | Killed from afar by an orc wizard

Levels and vault maps discovered:
D:1:      minmay_arrival_four_loops, layout_basic
D:2:      layout_basic, hellmonk_ecumenical_altar_slurped_away, uniq_jessica
D:3:      layout_loops_ring, minmay_strange_pillars
D:4:      old_forge, layout_basic, kennysheep_little_box,
          mainiacjoe_overflow_brackets

Skill      XL: |  1  2  3  4  5  6 |
---------------+-------------------+-----
Ranged Weapons | 3 4 5 6 |  6.9
Fighting       | 2 3 4 |  4.1
Dodging        | |  2.1
Spellcasting   | |  1.0
Hexes          | |  2.0

Action                     |  1- 3 |  4- 6 || total
---------------------------+-------+-------++-------
   Fire: Sling             |    86 |   108 ||   194
    Use: Scroll            |     3 |       ||     3
         Potion            |       |     4 ||     4
 Armour: Robe              |     4 |    12 ||    16
  Dodge: Dodged            |    14 |    31 ||    45

Table legend:
 A = Non-vault XP
 B = Vault XP
 C = Vault XP percentage of total XP
 D = Non-vault monster count
 E = Vault monster count
 F = Vault count percentage of total count
                 A         B        C        D         E       F
            +---------+---------+-------+---------+---------+-------
      Total |     478 |     118 |  19.8 |      59 |       3 |   4.8
            +---------+---------+-------+---------+---------+-------
        D:1 |      43 |       0 |   0.0 |      25 |       0 |   0.0
        D:2 |      29 |      37 |  56.1 |      16 |       1 |   5.9
        D:3 |      54 |       0 |   0.0 |       5 |       0 |   0.0
        D:4 |     352 |      81 |  18.7 |      13 |       2 |  13.3
            +---------+---------+-------+---------+---------+-------
